 Dungeon Crawl Stone Soup version 0.28.0 (webtiles) character file.

Game seed: 1125036641255111132

735584 SnakkuSnakku7 the Bringer of Light (level 27, -47/249 HPs)
             Began as a Merfolk Fire Elementalist on Feb 7, 2022.
             Was the Champion of the Shining One.
             Killed by an exploding ball lightning (59 damage)
             ... in Pandemonium.
             The game lasted 02:33:13 (69590 turns).

SnakkuSnakku7 the Bringer of Light (MfFE)          Turns: 69590, Time: 02:33:14

Health: -47/249    AC: 37    Str: 26    XL:     27
Magic:  45/49      EV: 34    Int: 18    God:    the Shining One [******]
Gold:   2841       SH:  0    Dex: 26    Spells: 27/30 levels left

rFire   + . .      SeeInvis .   a - +9 longbow (holy)
rCold   + . .      Faith    .   (shield currently unavailable)
rNeg    + + +      Spirit   .   Z - +6 pearl dragon scales
rPois   .          Reflect  .   U - +2 helmet
rElec   .          Harm     .   N - +2 cloak {Will+}
rCorr   .          Rampage  .   x - +2 pair of gloves
Will    ++++.                   r - +2 pair of boots {Stlth+}
Stlth   +.........              m - amulet of Ywebrenk {Regen+ Str+4}
HPRegen 1.31/turn               k - ring "Boschon" {rF+ Will+ Str+4 Dex+6}
MPRegen 0.31/turn               A - ring of the Octopus King {MP+9 AC+1 EV+1 Str+1 Int+1 Dex+1}

@: about to teleport, flying (expiring), glowing, studying Ice Magic
A: (nimble swimmer 2), mertail, iridescent scales 1, clever 1, cold resistance 1
}: 7/15 runes: decaying, serpentine, slimy, silver, demonic, fiery, dark
a: Renounce Religion, Divine Shield, Cleansing Flame, Summon Divine Warrior


You were in Pandemonium.
You worshipped the Shining One.
The Shining One was exalted by your worship.
You visited 12 branches of the dungeon, and saw 53 of its levels.
You visited Pandemonium 1 time, and saw 14 of its levels.
You also visited: Sewer, Ossuary and Gauntlet.

You collected 10284 gold pieces.
You spent 7443 gold pieces at shops.

Inventory:

Hand Weapons
 a - a +9 longbow of holy wrath (weapon)
 b - the +8 glaive of the Guard {elec, spectral, AC+5}
   (You found it on level 3 of the Depths)

   It occasionally discharges a powerful burst of electricity upon striking a
   foe.
   When it strikes, its spirit leaps out and fights alongside the wielder.
   AC:        It affects your AC (+5).
 g - a +3 vorpal longbow
Missiles
 n - 648 arrows (quivered ammo)
 t - 14 curare-tipped darts
 Y - 4 throwing nets
Armour
 r - a +2 pair of boots of stealth (worn)
 x - a +2 pair of gloves (worn)
 N - a +2 cloak of willpower (worn)
 U - a +2 helmet (worn)
 Z - +6 pearl dragon scales (worn)
Jewellery
 c - a ring of protection from fire
 j - the ring "Owuesuw" {rPois rC++ Will+ rCorr MP+9}
   (You bought it in a shop on level 5 of the Vaults)

   [ring of willpower]

   rC:        It greatly protects you from cold.
   rPois:     It protects you from poison.
   MP:        It affects your magic capacity (+9).
   rCorr:     It protects you from acid and corrosion.
   Will:      It increases your willpower.
 k - the ring "Boschon" (left hand) {rF+ Will+ Str+4 Dex+6}
   (You found it in a Gauntlet)

   [ring of dexterity]

   Str:       It affects your strength (+4).
   Dex:       It affects your dexterity (+6).
   rF:        It protects you from fire.
   Will:      It increases your willpower.
 m - the amulet of Ywebrenk (around neck) {Regen+ Str+4}
   (You found it on level 3 of the Crypt)

   [amulet of regeneration]

   Str:       It affects your strength (+4).
   Regen:     It increases your rate of health regeneration.
 p - a ring of fire
 A - a ring of the Octopus King (right hand) {MP+9 AC+1 EV+1 Str+1 Int+1 Dex+1}
   (You found it on level 3 of the Elven Halls)

   [ring of magical power]

   AC:        It affects your AC (+1).
   EV:        It affects your evasion (+1).
   Str:       It affects your strength (+1).
   Int:       It affects your intelligence (+1).
   Dex:       It affects your dexterity (+1).
   MP:        It affects your magic capacity (+9).
 G - a +4 ring of protection
 L - the ring "Gademmu" {rPois rN+}
   (You found it on level 3 of the Crypt)

   [ring of positive energy]

   rPois:     It protects you from poison.
   rN:        It protects you from negative energy.
Wands
 f - a wand of paralysis (32)
 v - a wand of iceblast (55)
 I - a wand of charming (11)
 P - a wand of acid (27)
 T - a wand of digging (11)
 W - a wand of polymorph (44)
Scrolls
 e - 12 scrolls of vulnerability
 l - 2 scrolls of silence
 o - 19 scrolls of teleportation
 q - 2 scrolls of blinking
 s - 6 scrolls of magic mapping
 y - 4 scrolls of fear
 C - 4 scrolls of summoning
 H - 2 scrolls of brand weapon
 J - 6 scrolls of immolation
 O - 6 scrolls of fog
 X - 3 scrolls of holy word
Potions
 d - 26 potions of curing
 h - 13 potions of brilliance
 i - 14 potions of heal wounds
 u - a potion of cancellation
 w - 7 potions of haste
 z - 5 potions of ambrosia
 B - 3 potions of berserk rage
 E - 13 potions of might
 F - 11 potions of mutation
 K - 9 potions of attraction
 R - 6 potions of resistance
 S - 7 potions of flight
 V - 6 potions of magic
Miscellaneous
 Q - a phantom mirror


   Skills:
 O Level 27 Fighting
 - Level 20.0 Polearms
 - Level 20.0 Bows
 + Level 10.9 Armour
 O Level 27 Dodging
 - Level 2.1 Stealth
 - Level 2.0 Spellcasting
 - Level 0.7 Conjurations
 - Level 9.0 Translocations
 - Level 2.1 Fire Magic
 O Level 27 Invocations


You had 27 spell levels left.
You knew the following spells:

 Your Spells              Type           Power      Damage    Failure   Level
a - Apportation           Tloc           68%        N/A       1%          1
b - Blink                 Tloc           68%        N/A       1%          2

Your spell library contained the following spells:

 Spells                   Type           Power      Damage    Failure   Level
 Gell's Gravitas          Tloc           34%        N/A       3%          3
 Lesser Beckoning         Tloc           34%        N/A       3%          3
 Teleport Other           Tloc           34%        N/A       3%          3
 Passage of Golubria      Tloc           34%        N/A       10%         4
 Foxfire                  Conj/Fire      28%        2x1d5     22%         1
 Scorch                   Fire           18%        2d5       24%         2
 Magic Dart               Conj           16%        1d3       30%         1
 Shock                    Conj/Air       12%        1d3       34%         1
 Animate Skeleton         Necr           2%         N/A       36%         1
 Beastly Appendage        Tmut           2%         N/A       36%         1
 Pain                     Necr           4%         1d4       36%         1
 Sting                    Tmut/Pois      4%         1d3       36%         1
 Summon Small Mammal      Summ           4%         N/A       36%         1
 Static Discharge         Conj/Air       3%         N/A       45%         2
 Iskenderun's Mystic Bla  Conj/Tloc      19%        2d6       47%         4
 Call Imp                 Summ           1%         N/A       52%         2
 Ensorcelled Hibernation  Hex/Ice        2%         N/A       52%         2
 Poisonous Vapours        Pois/Air       2%         N/A       52%         2
 Sublimation of Blood     Necr           1%         N/A       52%         2
 Wereblood                Tmut           1%         N/A       52%         2
 Conjure Flame            Conj/Fire      7%         6-21      54%         3
 Inner Flame              Hex/Fire       5%         N/A       58%         3
 Ignite Poison            Fire/Tmut/Pois 4%         N/A       65%         3
 Dazzling Flash           Conj/Hex       6%         N/A       71%         3
 Mephitic Cloud           Conj/Pois/Air  2%         N/A       73%         3
 Call Canine Familiar     Summ           1%         N/A       75%         3
 Spider Form              Tmut/Pois      1%         N/A       75%         3
 Summon Guardian Golem    Hex/Summ       1%         N/A       75%         3
 Swiftness                Air            1%         N/A       75%         3
 Dispersal                Tloc           17%        N/A       83%         6
 Summon Forest            Summ/Tloc      9%         N/A       86%         5
 Flame Wave               Conj/Fire      7%         2d5       91%         4
 Sticky Flame             Conj/Fire      7%         2d3       91%         4
 Airstrike                Air            0%         N/A       98%         4
 Anguish                  Hex/Necr       0%         N/A       98%         4
 Animate Dead             Necr           0%         N/A       98%         4
 Cause Fear               Hex            0%         N/A       98%         4
 Fulminant Prism          Conj/Hex       1%         3d6       98%         4
 Olgreb's Toxic Radiance  Pois           1%         N/A       98%         4
 Petrify                  Tmut/Erth      1%         N/A       98%         4
 Summon Ice Beast         Ice/Summ       1%         N/A       98%         4
 Summon Lightning Spire   Summ/Air       1%         N/A       98%         4
 Fireball                 Conj/Fire      3%         3d4       99%         5
 Alistair's Intoxication  Tmut/Pois      0%         N/A       100%        5
 Borgnjor's Vile Clutch   Necr/Erth      0%         N/A       100%        5
 Freezing Cloud           Conj/Ice/Air   1%         6-21      100%        5
 Irradiate                Conj/Tmut      1%         3d14      100%        5
 Iskenderun's Battlesphe  Conj           4%         2d6       100%        5
 Lee's Rapid Deconstruct  Erth           0%         3d5*      100%        5
 Lightning Bolt           Conj/Air       1%         1d12      100%        5
 Metabolic Englaciation   Hex/Ice        0%         N/A       100%        5
 Summon Mana Viper        Hex/Summ       1%         N/A       100%        5
 Yara's Violent Unravell  Hex/Tmut       0%         3d3       100%        5
 Conjure Ball Lightning   Conj/Air       1%         3x3d6     100%        6
 Death Channel            Necr           0%         N/A       100%        6
 Iron Shot                Conj/Erth      1%         9d1       100%        6
 Simulacrum               Ice/Necr       0%         N/A       100%        6
 Starburst                Conj/Fire      3%         6d3       100%        6
 Statue Form              Tmut/Erth      0%         N/A       100%        6
 Summon Cactus Giant      Summ           0%         N/A       100%        6
 Dragon Form              Tmut           0%         N/A       100%        7
 Monstrous Menagerie      Summ           0%         N/A       100%        7
 Orb of Destruction       Conj           2%         9d5       100%        7
 Ozocubu's Refrigeration  Ice            0%         4d5       100%        7
 Spellforged Servitor     Conj/Summ      1%         N/A       100%        7
 Borgnjor's Revivificati  Necr           0%         N/A       100%        8
 Disjunction              Tloc           17%        N/A       100%        8
 Ignition                 Fire           4%         3d4       100%        8
 Maxwell's Capacitive Co  Air            0%         ∞         100%        8
 Necromutation            Tmut/Necr      0%         N/A       100%        8
 Death's Door             Necr           0%         N/A       100%        9
 Dragon's Call            Summ           0%         N/A       100%        9
 Polar Vortex             Ice            0%         N/A       100%        9


Dungeon Overview and Level Annotations

Branches:
Dungeon (15/15)            Temple (1/1) D:7            Lair (6/6) D:8
  Swamp (4/4) Lair:2        Snake (4/4) Lair:3        Slime (5/5) Lair:6
    Orc (2/2) D:10            Elf (3/3) Orc:2        Vaults (5/5) D:14
  Crypt (3/3) Vaults:3       Tomb (0/3) Crypt:3      Depths (4/4) D:15
   Hell (visited)             Dis (0/7) Hell            Geh (0/7) Hell
    Coc (0/7) Hell            Tar (0/7) Hell            Zot (0/5) Depths:4
  Sewer (visited)         Ossuary (visited)         Gauntlet (visited)

Altars:
Ashenzari
Cheibriados
Dithmenos
Elyvilon
Fedhas
Gozag
Hepliaklqana
Kikubaaqudgha
Makhleb
Nemelex Xobeh
Okawaru
Qazlal
Ru
Sif Muna
Trog
Uskayaw
Vehumet
Wu Jian
Xom
Yredelemnul
Zin
The Shining One
Jiyva
Lugonu

Shops:
D:5 *   D:9 :   D:10 (   D:11 !   D:13 [*(??   Orc:1 *   Orc:2 :*[(   Elf:1 !
Elf:2 *   Snake:1 ?   Snake:3 [*   Vaults:1 *   Vaults:2 [   Vaults:5 =
Depths:2 !   Depths:4 [

Portals:
Hell: Depths:1 Depths:2 Depths:3 Depths:4
Abyss: Lair:6 Depths:3
Pandemonium: Depths:1 Depths:2 Depths:3
Ziggurat: Depths:3

Annotations:
Lair:6 2 transporters, Jipob's ghost, adept MiBe
Crypt:1 1 runed translucent door, Roocroe's ghost, veteran MiGl
Pan Lom Lobon


Innate Abilities, Weirdness & Mutations

((You are very nimble when in or above water. (Stealth+, EV+, Speed+++)))
Your lower body shifts to a powerful aquatic tail in water.
You are partially covered in iridescent scales. (AC +2)
Your mind is acute. (Int +2)
Your flesh is cold resistant. (rC+)


Message History

Lom Lobon completely resists.
The blast of lightning engulfs the ball lightning.
The ball lightning completely resists.
The blast of lightning engulfs you!!!
* * * LOW HITPOINT WARNING * * *
Lom Lobon completely misses you.
You feel much better.
Lom Lobon gestures. 3 ball lightnings come into view.
Activating: Cleansing Flame (0% risk of failure)
Press: ? - help, Dir - look around, f - activate The golden flame engulfs you but does no damage.
You resist.
The golden flame engulfs the ball lightning!!!
The golden flame engulfs Lom Lobon!!!!
Lom Lobon writhes in agony!
Lom Lobon is heavily wounded.
The golden flame engulfs the ball lightning!!
The ball lightning explodes!
The blast of lightning engulfs the ball lightning.
The ball lightning completely resists.
The blast of lightning engulfs Lom Lobon.
Lom Lobon completely resists.
The blast of lightning engulfs the ball lightning.
The ball lightning completely resists.
The blast of lightning engulfs you!!!
* * * LOW HITPOINT WARNING * * *
The blast of lightning engulfs the smoke demon!!!
The smoke demon dies!
The ball lightning explodes!
The blast of lightning engulfs you!!
* * * LOW HITPOINT WARNING * * *
The blast of lightning engulfs Lom Lobon.
Lom Lobon completely resists.
You are engulfed in whirling frost.
Lom Lobon screams, "Thy eyes shall be my dinner!"
* * * LOW HITPOINT WARNING * * *
The winds around Lom Lobon start to calm down.
A wizard comes into view. It is wielding a +0 dagger.
The ball lightning explodes!
The blast of lightning engulfs Lom Lobon.
Lom Lobon completely resists.
The blast of lightning engulfs the ball lightning.
The ball lightning completely resists.
The blast of lightning engulfs you!!!
You die...

##...........###..)........##
##...≈≈≈≈≈≈≈.......≈≈≈≈≈≈≈...##
##...≈≈≈≈≈≈≈≈≈.....≈≈≈≈≈≈≈≈≈...##
#...≈≈#######≈≈...≈≈#######≈≈...#
...≈≈## ##≈...≈## ##≈≈..( .)≈≈##
##...## ##≈≈.. .≈≈## ##○## ##≈≈.
≈≈## #.# ##≈≈ ≈≈# #@# #≈≈ ≈≈# #&#
#≈≈ ≈≈# #§# #≈≈ ≈≈## .*. ##≈≈
.≈≈## .°(☼. ##≈≈. ..≈≈## ...)...
##≈≈.. ...≈≈## ....((... ##≈≈...
#.....# ...p.(..... #.....#
#.....# .?..........^ #.....#


You could see Lom Lobon (wandering, gusty), a wizard and a ball lightning
(wandering).

Vanquished Creatures
  Cerebov (Pan)
  the Royal Jelly (Slime:5)
  A dread lich (Crypt:3)
  An ancient lich (Vaults:5)
  Khufu (Crypt:2)
  Mennas (Pan)
  A royal mummy (Crypt:2)
  Sojobo (Crypt:2)
  Bai Suzhen (Vaults:5)
  Margery (Crypt:1)
  Vashnia (Snake:4)
  Saint Roka (Crypt:3)
  6 pandemonium lords (Pan)
  the Lernaean hydra (Swamp:4)
  5 caustic shrikes (Depths:4)
  2 golden dragons
  Geryon (Hell)
  The ghost of Caat Rau the Warrior, an adept DgCj (Depths:2)
  Nikola (Snake:3)
  The ghost of Pikuto the Slayer, an adept MiBe of Trog (Depths:2)
  A shard shrike zombie (Crypt:3)
  9 Brimstone Fiends (Pan)
  4 Tzitzimimeh (Pan)
  2 bone dragons
  6 tentacled monstrosities
  4 liches
  A hellephant (Pan)
  An Ice Fiend (Pan)
  Rupert (Orc:2)
  A walking crystal tome (Depths:3)
  2 walking frostbound tomes
  A walking divine tome (Depths:3)
  5 titans
  2 quicksilver dragons (Vaults:5)
  3 deep elf master archers (Elf:3)
  5 deep elf blademasters
  26 acid blobs
  5 ancient champions
  5 sphinxes
  21 Executioners (Pan)
  Kirke (D:13)
  2 thorn hunters
  6 storm dragons
  6 shadow dragons
  The ghost of Barug the Brawler, an adept TrMo of Nemelex Xobeh (Depths:2)
  The ghost of Viocziel the Brawler, an adept TrMo of Nemelex Xobeh (Depths:2)
  Agnes (Snake:1)
  11 tengu reavers
  Donald (Swamp:1)
  Roxanne (Snake:2)
  14 azure jellies
  13 rockslimes
  5 nagarajas
  9 fire giants
  4 demonspawn warmongers (Pan)
  The ghost of KUP the Severer, a journeyman BaFi of Gozag (Snake:1)
  6 deep elf sorcerers
  13 frost giants
  An orc warlord (Orc:1)
  6 iron dragons
  2 cacodemons (Pan)
  A juggernaut zombie (Crypt:2)
  30 balrugs
  27 vault wardens
  3 draconian annihilators (Pan)
  3 curse skulls
  A caustic shrike zombie (Hell)
  11 ironbound preservers
  6 demonspawn corrupters (Pan)
  An angel (Pan)
  A draconian stormcaller (Depths:4)
  4 ghouls
  13 quicksilver oozes
  3 deep elf elementalists (Elf:3)
  21 stone giants
  8 demonspawn blood saints (Pan)
  9 war gargoyles
  11 reapers
  22 very ugly things
  A juggernaut skeleton (Crypt:2)
  3 demonspawn black suns (Pan)
  10 ironbound thunderhulks
  3 entropy weavers
  3 eleionomae
  11 vampire knights
  11 lorocyprocas
  Azrael (Elf:2)
  A red draconian (Depths:4)
  3 deep elf demonologists
  2 black draconians (Depths:4)
  11 deep elf annihilators
  2 minotaurs
  6 dire elephants
  3 bunyips
  7 spark wasps
  A yellow draconian (Depths:4)
  8 deep elf death magi
  12 blizzard demons
  7 green deaths
  2 eidola
  3 fire dragons
  16 ettins
  Snorg (Orc:2)
  5 jiangshi
  5 crystal guardians
  11 great orbs of eyes
  3 shambling mangroves
  18 yaktaur captains
  Josephine (Orc:1)
  4 deep elf high priests
  3 spriggan zombies
  A rakshasa (Depths:2)
  An ice dragon (shapeshifter) (Vaults:5)
  14 naga warriors
  5 boulder beetles
  The ghost of Zoobame the Devastator, a journeyman DEWz of Sif Muna (Lair:2)
  40 vault guards
  3 peacekeepers
  3 salamander tyrants (Snake:4)
  4 hell beasts (Pan)
  28 hydras
  2 ghost crabs
  5 spriggan air magi
  5 anacondas
  3 spriggan skeletons
  3 ogre magi (Vaults:5)
  8 ice dragons
  Erica (Lair:1)
  2 catoblepae
  2 juggernaut simulacra (Crypt:1)
  9 ironbound frosthearts
  An anaconda (shapeshifter) (Vaults:5)
  2 two-headed ogres
  12 centaur warriors
  43 dancing weapons
  7 tengu warriors
  6 hell hogs (Hell)
  12 alligators
  4 death knights
  3 deep troll shamans (Depths:2)
  3 orc high priests
  A titan zombie (Crypt:3)
  8 death yaks
  3 thrashing horrors (Lair:6)
  7 shock serpents
  5 deep troll earth magi
  5 vampire magi
  A spriggan berserker (Depths:2)
  24 soul eaters
  22 naga sharpshooters
  14 hell knights
  A titan skeleton (Crypt:1)
  Urug (Orc:1)
  21 deep elf knights
  64 sun demons
  2 iron trolls
  A fire crab (Lair:5)
  8 shadow wraiths
  23 skeletal warriors
  An iron troll (shapeshifter) (Depths:3)
  29 deep trolls
  6 spriggan druids
  2 death drakes (Swamp:2)
  11 sixfirhies (Pan)
  6 goliath frogs
  A bunyip zombie (Crypt:3)
  5 salamander mystics
  A golden dragon zombie (Crypt:3)
  A ghost moth zombie (Crypt:1)
  5 glowing orange brains
  3 shadow demons (Pan)
  A storm dragon skeleton (Hell)
  An anaconda zombie (Hell)
  A spriggan simulacrum (Hell)
  19 large abominations
  14 swamp dragons
  21 bog bodies
  12 wizards
  11 naga ritualists
  7 orc knights
  3 bunyip skeletons
  17 lindwurms
  5 harpies
  An anaconda skeleton (Hell)
  13 deep elf archers
  29 deep elf pyromancers
  16 phantasmal warriors
  24 ironbound convokers
  23 deep elf zephyrmancers
  9 mana vipers
  14 necromancers
  5 orc sorcerers (Orc:2)
  9 shining eyes
  19 ugly things
  3 cyclopes
  8 spectral spriggans (Swamp:3)
  A salamander (shapeshifter) (Lair:6)
  A black mamba (shapeshifter) (Depths:2)
  9 will-o-the-wisps
  A shadow dragon skeleton (Pan)
  16 salamanders
  11 rust devils
  5 elephants
  3 guardian serpents
  Joseph (D:7)
  A dire elephant zombie (Crypt:1)
  An elephant (shapeshifter) (Vaults:5)
  3 molten gargoyles (Hell)
  A water nymph (shapeshifter) (Vaults:5)
  33 black mambas
  5 centaur zombies
  5 cane toads
  20 naga magi
  47 smoke demons
  28 vault sentinels
  A dire elephant skeleton (Crypt:1)
  3 eyes of devastation
  9 orange demons
  7 demonic crawlers (Pan)
  4 rime drakes
  7 efreet (Pan)
  A sea snake zombie (Hell)
  8 tormentors (Pan)
  2 ice devils
  6 freezing wraiths
  2 ancient zymes (Lair:6)
  7 hellions
  4 tengu conjurers
  6 komodo dragons
  34 yaktaurs
  5 red devils
  14 hellwings
  3 trolls
  2 hydra zombies
  3 harpy zombies
  3 bloated husks
  A polar bear (Lair:4)
  Prince Ribbit (D:7)
  A hydra skeleton (Hell)
  11 tyrant leeches
  8 hornets
  3 harpy skeletons
  A hornet (shapeshifter) (D:15)
  A slime creature (shapeshifter) (Depths:3)
  17 dream sheep
  A satyr zombie (Crypt:1)
  144 slime creatures
  11 blink frogs (Lair:6)
  A stone giant simulacrum (Crypt:1)
  A culicivora (Vaults:1)
  24 flying skulls (Crypt:3)
  4 centaur simulacra
  3 black mamba zombies
  7 spriggans
  A jumping spider (shapeshifter) (Depths:2)
  A shadow (D:11)
  2 air elementals
  3 water elementals
  19 ynoxinuls
  A culicivora (shapeshifter) (Depths:2)
  A vampire (D:12)
  7 wraiths
  A spriggan (shapeshifter) (Vaults:5)
  8 fire elementals
  67 yaks
  3 hogs (D:13)
  13 golden eyes
  11 chaos spawn
  A sea snake simulacrum (Hell)
  5 wyverns
  2 redbacks
  20 vampire mosquitoes
  3 basilisks
  Menkaure (D:5)
  A redback simulacrum (Gauntlet)
  5 neqoxecs (Pan)
  An acid dragon (D:9)
  A harpy simulacrum (Gauntlet)
  4 wargs
  A two-headed ogre zombie (Hell)
  8 swamp worms
  A demonspawn zombie (Crypt:2)
  61 nagas
  A naga zombie (Hell)
  A hell hound (Elf:2)
  A floating eye (Slime:5)
  3 hydra simulacra (Hell)
  A merfolk zombie (Crypt:2)
  18 water moccasins
  4 naga skeletons
  A demonspawn skeleton (Pan)
  9 swamp drakes
  6 black bears
  A water nymph skeleton (Crypt:2)
  A meliai simulacrum (D:15)
  43 orc warriors
  3 ice beasts
  2 sky beasts
  A black bear (shapeshifter) (Vaults:5)
  9 ogres
  5 boggarts (D:14)
  6 wolves (Lair:5)
  7 necrophages
  3 centaurs
  A hog zombie (Crypt:2)
  A phantom (D:7)
  A rime drake zombie (Crypt:1)
  2 kobold brigands (Sewer)
  12 bullfrogs
  2 gnoll sergeants
  A scorpion (D:5)
  2 earth elementals (Elf:1)
  A naga simulacrum (Crypt:1)
  9 small abominations (Lair:6)
  A hornet simulacrum (Gauntlet)
  A warg skeleton (Crypt:2)
  2 water moccasin skeletons
  7 killer bees
  A wight (Vaults:3)
  A troll skeleton (Crypt:1)
  5 howler monkeys
  3 electric eels
  5 crimson imps (Pan)
  2 hounds (D:6)
  3 jellies
  25 orc priests
  Crazy Yiuf (D:2)
  4 centaur skeletons
  2 gnoll shamans
  Ijyb (D:3)
  3 iguanas
  A scorpion zombie (D:5)
  Natasha (twice) (D:2)
  22 orc wizards
  A hound skeleton (D:4)
  10 mummies
  21 gnolls
  6 adders
  A howler monkey skeleton (D:7)
  A river rat (D:5)
  A shadow imp (D:8)
  A white imp (D:6)
  2 ufetubi
  A worm (D:4)
  A barachi skeleton (Crypt:1)
  A barachi zombie (Crypt:1)
  3 dart slugs
  95 orcs
  10 ball pythons
  7 bats
  A bat zombie (Crypt:2)
  4 endoplasms
  6 giant cockroaches
  2 gnoll zombies (Ossuary)
  3 goblins
  12 hobgoblins
  2 jackals (D:3)
  21 kobolds
  2 quokkas
  6 frilled lizards
  A gnoll skeleton (Crypt:2)
  4 hobgoblin zombies (Ossuary)
  A jackal zombie (D:6)
  A kobold zombie (Ossuary)
  An orc zombie (Ossuary)
  10 rats
  A rat zombie (D:6)
  3 ball lightnings (Pan)
  6 fire vortices (Pan)
2708 creatures vanquished.

Vanquished Creatures (collateral kills)
  Gloorx Vloq (Pan)
  2 balrugs (Pan)
  A caustic shrike skeleton (Pan)
  A soul eater (Pan)
  3 sun demons (Pan)
  A dire elephant skeleton (Pan)
  A centaur skeleton (Pan)
  A demonic crawler (Pan)
  An alligator snapping turtle skeleton (Pan)
  2 ynoxinuls (Pan)
  A black mamba skeleton (Pan)
  2 fire vortices (Pan)
17 creatures vanquished.

Vanquished Creatures (others)
  An Executioner (Pan)
  A wizard (Pan)
  2 smoke demons (Pan)
  2 ynoxinuls (Pan)
  An orc (Orc:2)
  2 ball lightnings (Pan)
  44 foxfires
  31 fungi
  74 plants
  2 starspawn tentacles (Pan)
  6 withered plants
166 creatures vanquished.

Grand Total: 2891 creatures vanquished

Notes
Turn   | Place    | Note
-------+----------+-------------------------------------------
     0 | D:1      | SnakkuSnakku7 the Merfolk Fire Elementalist began the quest
                  | for the Orb.
     0 | D:1      | Reached XP level 1. HP: 13/13 MP: 3/3
    77 | D:1      | Reached skill level 1 in Fighting
   293 | D:1      | Reached XP level 2. HP: 10/22 MP: 5/5
  1073 | D:2      | Reached XP level 3. HP: 16/29 MP: 1/6
  1289 | D:2      | Found an ancient bone altar of Kikubaaqudgha.
  1331 | D:2      | Found a faded altar of an unknown god.
  1331 | D:2      | Noticed Natasha
  1341 | D:2      | HP: 1/29 [Natasha/magic dart (10)]
  1924 | D:2      | Killed Natasha
  1925 | D:2      | Reached XP level 4. HP: 34/37 MP: 7/7
  2403 | D:2      | Found a runed translucent door.
  2404 | D:2      | Noticed Crazy Yiuf
  2494 | D:2      | Noticed Natasha
  2508 | D:2      | Killed Natasha
  2725 | D:2      | Killed Crazy Yiuf
  2726 | D:2      | Reached skill level 5 in Fighting
  2726 | D:2      | Reached XP level 5. HP: 30/44 MP: 8/8
  3721 | D:3      | Noticed Ijyb
  3977 | D:3      | Killed Ijyb
  4105 | D:4      | Noticed a phantom
  4362 | D:4      | Reached XP level 6. HP: 36/52 MP: 9/9
  5135 | D:5      | Entered Level 5 of the Dungeon
  5135 | D:5      | Noticed an ice beast
  5147 | D:5      | Noticed an ice beast
  5208 | D:5      | Identified the +11 shortbow of the Hall of Blades {venom,
                  | rElec Str+2}
  5377 | D:5      | Noticed a sky beast
  5381 | D:5      | Killed a sky beast
  5382 | D:5      | Reached skill level 5 in Polearms
  5382 | D:5      | Reached XP level 7. HP: 58/58 MP: 10/10
  5399 | D:5      | Noticed Menkaure
  5410 | D:5      | Killed Menkaure
  5555 | D:5      | Reached XP level 8. HP: 33/64 MP: 11/11
  5590 | D:5      | Found Vuted's Assorted Antiques.
  5597 | D:5      | Bought a lumpy jasper amulet for 90 gold pieces
  5597 | D:5      | Bought a red potion for 16 gold pieces
  5597 | D:5      | Bought a viscous grey potion for 16 gold pieces
  5597 | D:5      | Bought a red potion for 16 gold pieces
  5597 | D:5      | Bought a pair of boots for 81 gold pieces
  5661 | D:5      | Reached skill level 10 in Polearms
  5672 | D:5      | Found a glowing drain.
  5686 | Sewer    | Entered a sewer
  6235 | D:6      | Reached XP level 9. HP: 59/69 MP: 12/12
  6364 | D:6      | Found a sand-covered staircase.
  6397 | Ossuary  | Entered an ossuary
  6986 | D:7      | Reached skill level 15 in Polearms
  7473 | D:7      | Noticed Prince Ribbit
  7485 | D:7      | Killed Prince Ribbit
  7519 | D:7      | Noticed Joseph
  7527 | D:7      | Killed Joseph
  7546 | D:7      | Reached XP level 10. HP: 43/76 MP: 8/13
  7559 | D:7      | Found a staircase to the Ecumenical Temple.
  7608 | Temple   | Entered the Ecumenical Temple
  8261 | D:7      | Reached skill level 1 in Bows
  8496 | D:7      | Got the Guide on Displacement
  8602 | D:8      | Found a staircase to the Lair.
  9207 | D:9      | Found a glowing golden altar of the Shining One.
  9250 | D:9      | Reached XP level 11. HP: 81/81 MP: 14/14
  9275 | D:9      | Found Ziz Keeg's Book Emporium.
  9589 | D:9      | Reached skill level 10 in Bows
  9974 | D:10     | Entered Level 10 of the Dungeon
 10023 | D:10     | Noticed a tengu warrior
 10035 | D:10     | Killed a tengu warrior
 10096 | D:10     | Noticed a two-headed ogre
 10097 | D:10     | Noticed an orc knight
 10110 | D:10     | Killed a two-headed ogre
 10111 | D:10     | Reached XP level 12. HP: 88/88 MP: 15/15
 10137 | D:10     | Found Juq Acoo's Weapon Emporium.
 10140 | D:10     | Found a staircase to the Orcish Mines.
 10645 | Lair:1   | Entered Level 1 of the Lair of Beasts
 10647 | Lair:1   | Noticed a six-headed hydra
 10657 | Lair:1   | Killed a six-headed hydra
 10683 | Lair:1   | Noticed Erica
 10825 | Lair:1   | Killed Erica
 11000 | D:9      | Became a worshipper of the Shining One
 12002 | Lair:1   | Identified the -2 pair of gloves of the Equator {Int+3}
 12102 | Lair:2   | Found a runed translucent door.
 12102 | Lair:2   | Found a shimmering altar of Xom.
 12102 | Lair:2   | Identified the +10 flail of the Pariah {chaos, rC+ Will+}
 12102 | Lair:2   | Noticed Zoobame's ghost (journeyman DEWz)
 12369 | Lair:2   | Noticed a five-headed hydra
 12377 | Lair:2   | Killed a five-headed hydra
 12446 | Lair:2   | Noticed an eight-headed hydra
 12455 | Lair:2   | Killed an eight-headed hydra
 12535 | Lair:2   | Noticed an eight-headed hydra
 12542 | Lair:2   | Killed an eight-headed hydra
 12619 | Lair:2   | Found a staircase to the Swamp.
 12619 | Lair:2   | Noticed a four-headed hydra
 12643 | Lair:2   | Killed a four-headed hydra
 12644 | Lair:2   | Reached XP level 13. HP: 72/94 MP: 10/16
 12644 | Lair:2   | Reached * piety under the Shining One
 13301 | Lair:3   | Found a staircase to the Snake Pit.
 14358 | Lair:4   | Reached skill level 10 in Fighting
 15652 | Lair:6   | Entered Level 6 of the Lair of Beasts
 15798 | Lair:6   | Found a gate leading to a gauntlet.
 15803 | Lair:6   | Found a staircase to the Slime Pits.
 15803 | Lair:6   | Found a viscous altar of Jiyva.
 15860 | Lair:6   | Reached XP level 14. HP: 115/115 MP: 17/17
 15876 | Gauntlet | Entered a Gauntlet
 15876 | Gauntlet | Found a transporter.
 15879 | Gauntlet | Found a transporter.
 15879 | Gauntlet | Reached ** piety under the Shining One
 15892 | Gauntlet | Found a transporter.
 15896 | Gauntlet | Found a transporter.
 15908 | Gauntlet | Found a transporter.
 15926 | Gauntlet | Found a transporter.
 15940 | Gauntlet | Found a transporter.
 15944 | Gauntlet | Found a transporter.
 15950 | Gauntlet | Found a transporter.
 15950 | Gauntlet | Found a transporter.
 15953 | Gauntlet | Found a transporter.
 15985 | Gauntlet | Found a transporter.
 16092 | Gauntlet | Identified the ring "Boschon" {rF+ Will+ Str+4 Dex+6}
 16125 | Gauntlet | Reached skill level 10 in Dodging
 16537 | Lair:6   | Found a transporter.
 16540 | Lair:6   | Noticed Jipob's ghost (adept MiBe)
 16546 | Lair:6   | Reached *** piety under the Shining One
 16683 | Lair:6   | Found a transporter.
 16896 | Lair:6   | Reached **** piety under the Shining One
 17290 | Lair:6   | Reached skill level 15 in Dodging
 17309 | Lair:6   | Reached skill level 1 in Armour
 17367 | Lair:6   | Found a corrupted altar of Lugonu.
 17367 | Lair:6   | Found a one-way gate to the infinite horrors of the Abyss.
 18144 | D:11     | Reached ***** piety under the Shining One
 18166 | D:11     | Found Duati's Distillery.
 18170 | D:11     | Bought a potion of heal wounds for 65 gold pieces
 18170 | D:11     | Bought a potion of mutation for 104 gold pieces
 18170 | D:11     | Bought a potion of curing for 39 gold pieces
 18816 | D:12     | Reached XP level 15. HP: 109/120 MP: 16/18
 18899 | D:12     | Reached skill level 5 in Armour
 19749 | Orc:1    | Entered Level 1 of the Orcish Mines
 19749 | Orc:1    | Noticed Josephine
 19765 | Orc:1    | Killed Josephine
 19809 | Orc:1    | Found Odiugoi's Assorted Antiques.
 19826 | Orc:1    | Bought 2 potions of heal wounds for 230 gold pieces
 19826 | Orc:1    | Bought a white potion for 20 gold pieces
 20004 | Orc:2    | Entered Level 2 of the Orcish Mines
 20046 | Orc:2    | Noticed Snorg
 20059 | Orc:2    | Killed Snorg
 20113 | Orc:2    | Noticed Rupert
 20113 | Orc:2    | Reached ****** piety under the Shining One
 20479 | Orc:2    | Killed Rupert
 20490 | Orc:2    | Found a staircase to the Elven Halls.
 20647 | Orc:2    | Noticed an orc warlord
 20824 | Orc:1    | Noticed Urug
 20835 | Orc:1    | Killed Urug
 21007 | Orc:1    | Killed an orc warlord
 21456 | Orc:2    | Found Dykhlaqa's Antique Armour Emporium.
 21457 | Orc:2    | Found Uxupru's Antique Weapon Emporium.
 21458 | Orc:2    | Found Ynuor's General Store.
 21458 | Orc:2    | Found Boinep Mats's Book Shoppe.
 21464 | Orc:2    | Bought a scroll of teleportation for 51 gold pieces
 21464 | Orc:2    | Bought a scroll of enchant weapon for 127 gold pieces
 21464 | Orc:2    | Bought a scroll of enchant armour for 127 gold pieces
 21485 | Orc:2    | Bought 17 arrows for 57 gold pieces
 21768 | D:13     | Found Xeutiloq's Antique Weapon Emporium.
 21845 | D:13     | Found Veppok's General Store.
 21850 | D:13     | Bought a potion of resistance for 130 gold pieces
 21855 | D:13     | Found Belixamo's Antique Armour Shop.
 21868 | D:13     | Bought an embroidered cloak for 217 gold pieces
 22095 | D:13     | Found Deoholu's Magic Scroll Shop.
 22103 | D:13     | Bought a scroll of teleportation for 57 gold pieces
 22103 | D:13     | Bought a scroll of blinking for 142 gold pieces
 22103 | D:13     | Bought a scroll of fog for 38 gold pieces
 22147 | D:13     | Found a glowing golden altar of the Shining One.
 22148 | D:13     | Noticed Kirke
 22170 | D:13     | Killed Kirke
 22221 | D:13     | Found Yludeb's Magic Scroll Emporium.
 22230 | D:13     | Bought a scroll of enchant weapon for 75 gold pieces
 22230 | D:13     | Bought a scroll of teleportation for 30 gold pieces
 22230 | D:13     | Bought a scroll of summoning for 95 gold pieces
 22230 | D:13     | Bought a scroll of fear for 35 gold pieces
 22230 | D:13     | Bought a scroll of magic mapping for 35 gold pieces
 22585 | D:14     | Found a runed translucent door.
 22802 | D:14     | Found a gate to the Vaults.
 23441 | D:14     | Reached XP level 16. HP: 127/127 MP: 19/19
 23561 | D:15     | Entered Level 15 of the Dungeon
 23641 | D:15     | Reached skill level 10 in Armour
 23760 | D:15     | Found a staircase to the Depths.
 24366 | Snake:1  | Entered Level 1 of the Snake Pit
 25009 | Snake:1  | Found Waepn's Magic Scroll Emporium.
 25058 | Snake:1  | Found a runed translucent door.
 25060 | Snake:1  | Noticed KUP's ghost (journeyman BaFi)
 25090 | Snake:1  | Bought a scroll of teleportation for 30 gold pieces
 25090 | Snake:1  | Bought a scroll of fear for 35 gold pieces
 25180 | Snake:1  | Killed KUP's ghost
 25286 | Snake:1  | Noticed Agnes
 25315 | Snake:1  | Killed Agnes
 25747 | Snake:2  | Reached skill level 15 in Fighting
 25769 | Snake:2  | Reached skill level 1 in Invocations
 26071 | Snake:2  | Identified Roxanne's Tome of Changing
 26071 | Snake:2  | Noticed Roxanne
 26112 | Snake:2  | Killed Roxanne
 26157 | Snake:2  | Noticed a nagaraja
 26170 | Snake:2  | Killed a nagaraja
 26829 | Snake:3  | Reached skill level 15 in Bows
 26888 | Snake:3  | Noticed a nagaraja
 26913 | Snake:3  | Killed a nagaraja
 26914 | Snake:3  | Reached XP level 17. HP: 57/142 MP: 12/20
 27183 | Snake:3  | Noticed Nikola
 27199 | Snake:3  | Killed Nikola
 27476 | Snake:3  | Found Gimeziac's Antique Armour Emporium.
 27482 | Snake:3  | Found Ikhy's General Store.
 27484 | Snake:3  | Bought a pair of polished boots for 389 gold pieces
 27484 | Snake:3  | Identified the +0 pair of boots of Omumet {*Corrode Str+3
                  | Slay+2} (You bought it in a shop on level 3 of the Snake
                  | Pit)
 27484 | Snake:3  | Bought a pair of runed gloves for 307 gold pieces
 27516 | Snake:3  | Bought a scroll of teleportation for 51 gold pieces
 28230 | Snake:4  | Entered Level 4 of the Snake Pit
 29123 | Snake:4  | Noticed Vashnia
 29199 | Snake:4  | Killed Vashnia
 29368 | Snake:4  | Reached XP level 18. HP: 133/149 MP: 18/21
 29560 | Snake:4  | Got a serpentine rune of Zot
 29766 | Swamp:1  | Entered Level 1 of the Swamp
 30116 | Swamp:1  | Noticed Donald
 30126 | Swamp:1  | Killed Donald
 31927 | Swamp:3  | Noticed a tentacled monstrosity
 31934 | Swamp:3  | Killed a tentacled monstrosity
 32873 | Swamp:4  | Entered Level 4 of the Swamp
 32883 | Swamp:4  | Reached XP level 19. HP: 77/155 MP: 15/22
 33235 | Swamp:4  | Reached skill level 5 in Invocations
 33726 | Swamp:4  | Noticed the 27-headed Lernaean hydra
 33740 | Swamp:4  | HP: 5/155 [the 27-headed Lernaean hydra (4)]
 33745 | Swamp:4  | Killed the 27-headed Lernaean hydra
 33885 | Swamp:4  | Got a decaying rune of Zot
 34266 | Lair:2   | Killed Zoobame's ghost
 34459 | Elf:1    | Entered Level 1 of the Elven Halls
 34665 | Elf:1    | Reached skill level 10 in Invocations
 34790 | Elf:1    | Found Miwoizi's Distillery.
 34807 | Elf:1    | Identified the +3 long sword of Forced Transition {vorpal,
                  | rF- Will+ Str+2}
 34809 | Elf:1    | Bought a potion of mutation for 104 gold pieces
 34809 | Elf:1    | Bought 2 potions of curing for 78 gold pieces
 35715 | Elf:2    | Noticed Azrael
 35729 | Elf:2    | Killed Azrael
 35767 | Elf:2    | Learned a level 1 spell: Apportation
 35816 | Elf:2    | Found a runed translucent gate.
 35816 | Elf:2    | Found a runed translucent gate.
 35816 | Elf:2    | Found a runed translucent gate.
 35902 | Elf:2    | Reached XP level 20. HP: 162/162 MP: 29/29
 35908 | Elf:2    | Found Guev's General Store.
 35945 | Elf:2    | Bought a scroll of enchant armour for 142 gold pieces
 35945 | Elf:2    | Bought a potion of curing for 57 gold pieces
 37027 | Elf:3    | Entered Level 3 of the Elven Halls
 37031 | Elf:3    | Reached skill level 15 in Invocations
 37091 | Elf:3    | Paralysed by an air elemental for 1 turns
 37803 | Elf:3    | Found the ring of the Octopus King
 37819 | Elf:3    | Identified a ring of the Octopus King {MP+9 AC+1 EV+1 Str+1
                  | Int+1 Dex+1}
 37825 | Elf:3    | Identified the +4 hand crossbow "Baant" {vorpal, rF+ SInv}
 37843 | Elf:3    | Got the Grimoire of Supportive Orientation
 37952 | Elf:3    | Identified the +0 plate armour of Untruth {rPois rF+ rN+
                  | Str+3}
 37966 | Elf:3    | Identified the amulet "Xixtoos" {Reflect rN++ Dex-3 SH+5}
 38592 | Vaults:1 | Entered Level 1 of the Vaults
 38986 | Vaults:1 | Reached XP level 21. HP: 177/177 MP: 32/32
 39894 | Vaults:1 | Found Huejeves's General Store.
 39902 | Vaults:1 | Bought a scroll of fog for 38 gold pieces
 39902 | Vaults:1 | Bought a scroll of fear for 66 gold pieces
 40207 | Vaults:2 | Found Ovasme Legeu's Armour Emporium.
 40388 | Vaults:2 | Bought a +2 pair of boots of stealth for 236 gold pieces
 41876 | Vaults:2 | Reached XP level 22. HP: 183/190 MP: 34/34
 42221 | Vaults:3 | Found a staircase to the Crypt.
 43008 | Vaults:3 | Reached skill level 1 in Translocations
 43026 | Vaults:3 | Learned a level 2 spell: Blink
 43853 | Vaults:4 | Reached skill level 5 in Translocations
 44360 | Vaults:4 | HP: 9/190 [vault warden (25)]
 45201 | Crypt:1  | Entered Level 1 of the Crypt
 45253 | Crypt:1  | Noticed Margery
 45294 | Crypt:1  | Killed Margery
 45441 | Crypt:1  | Reached XP level 23. HP: 196/196 MP: 36/36
 45685 | Crypt:1  | Found a runed translucent door.
 45685 | Crypt:1  | Noticed Roocroe's ghost (veteran MiGl)
 46769 | Crypt:2  | Noticed Khufu
 46769 | Crypt:2  | Noticed a royal mummy
 47003 | Crypt:2  | Noticed Sojobo
 47021 | Crypt:2  | Killed Sojobo
 47296 | Crypt:2  | Killed Khufu
 47304 | Crypt:2  | Killed a royal mummy
 47952 | Crypt:3  | Entered Level 3 of the Crypt
 48179 | Crypt:3  | Identified the amulet of Ywebrenk {Regen+ Str+4}
 48179 | Crypt:3  | Identified the ring of Autumn {rN+ Str+5 Int+3}
 48179 | Crypt:3  | Identified the ring "Gademmu" {rPois rN+}
 48574 | Crypt:3  | Found a basalt altar of Yredelemnul.
 48574 | Crypt:3  | Noticed a dread lich
 48581 | Crypt:3  | Killed a dread lich
 48616 | Crypt:3  | Found the +3 Elemental Staff {rElec rF++ rC++ AC+5}
 48624 | Crypt:3  | Got the Almanac of Dark Secrets
 48806 | Crypt:3  | Noticed Saint Roka
 48837 | Crypt:3  | Killed Saint Roka
 48897 | Crypt:3  | Found a staircase to the Tomb.
 49172 | Vaults:1 | Bought +2 pearl dragon scales for 2059 gold pieces
 49276 | Depths:1 | Entered Level 1 of the Depths
 49309 | Depths:1 | Found an ornate altar of the Wu Jian Council.
 49324 | Depths:1 | Reached XP level 24. HP: 204/204 MP: 37/37
 49484 | Depths:1 | Found a gateway to Hell.
 49627 | Depths:1 | Found an ancient bone altar of Kikubaaqudgha.
 49908 | Depths:1 | Found a one-way gate leading to the halls of Pandemonium.
 50339 | Depths:2 | Found Palir's Distillery.
 50356 | Depths:2 | Bought a potion of mutation for 88 gold pieces
 50356 | Depths:2 | Bought a potion of magic for 88 gold pieces
 50356 | Depths:2 | Bought a potion of heal wounds for 55 gold pieces
 50356 | Depths:2 | Bought a potion of heal wounds for 55 gold pieces
 50864 | Depths:2 | Found a runed translucent gate.
 50937 | Depths:2 | Found a runed translucent gate.
 50937 | Depths:2 | Found a runed translucent gate.
 50939 | Depths:2 | Noticed Caat Rau's ghost (adept DgCj)
 50989 | Depths:2 | Found a shadowy altar of Dithmenos.
 51765 | Depths:2 | Noticed Pikuto's ghost (adept MiBe)
 51765 | Depths:2 | Noticed Barug's ghost (adept TrMo)
 51766 | Depths:2 | Noticed Viocziel's ghost (adept TrMo)
 51774 | Depths:2 | Killed Barug's ghost
 51778 | Depths:2 | Killed Viocziel's ghost
 51778 | Depths:2 | Killed Caat Rau's ghost
 51784 | Depths:2 | Killed Pikuto's ghost
 51896 | Depths:3 | You fall into a shaft and drop 1 floor!
 51896 | Depths:4 | Entered Level 4 of the Depths
 52053 | Depths:4 | Found a gate to the Realm of Zot.
 52210 | Depths:4 | Noticed a caustic shrike
 52213 | Depths:4 | Noticed a caustic shrike
 52213 | Depths:4 | Noticed a caustic shrike
 52214 | Depths:4 | Noticed a caustic shrike
 52215 | Depths:4 | Noticed a caustic shrike
 52224 | Depths:4 | Found a radiant altar of Vehumet.
 52620 | Depths:4 | Killed a caustic shrike
 52685 | Depths:4 | Killed a caustic shrike
 52692 | Depths:4 | Killed a caustic shrike
 52704 | Depths:4 | Killed a caustic shrike
 52712 | Depths:4 | Killed a caustic shrike
 52940 | Depths:4 | Identified the +2 hat "Zymogem" {rPois rF- Int-2 Dex+8}
 52955 | Depths:4 | Identified the +0 hat of the Distant Future {rElec Int+4
                  | Stlth+}
 52956 | Depths:4 | Identified the +1 hat of Follow the Leader {Regen+}
 52971 | Depths:4 | Identified the +0 hat of the Bells {Drain rPois rF+}
 53072 | Depths:4 | Found Cefivio's Armour Boutique.
 53208 | Depths:4 | Got the Almanac of Cankerous Curses
 53337 | Depths:3 | Found a broken altar of Ashenzari.
 53342 | Depths:3 | Reached XP level 25. HP: 210/210 MP: 39/39
 53792 | Depths:3 | Found a one-way gateway to a ziggurat.
 54507 | Depths:3 | Found the +8 glaive of the Guard {elec, spectral, AC+5}
 55089 | Vaults:5 | Entered Level 5 of the Vaults
 55625 | Vaults:5 | Identified the +9 hand axe "Puoleaq" {vamp, rF+ Str+5}
 55720 | Vaults:5 | Got a silver rune of Zot
 56075 | Vaults:5 | Noticed Bai Suzhen
 56370 | Vaults:5 | Killed Bai Suzhen
 56747 | Vaults:5 | Reached skill level 27 in Invocations
 56851 | Vaults:5 | Noticed an ancient lich
 56865 | Vaults:5 | Killed an ancient lich
 56997 | Vaults:5 | Found Fuxenil's Jewellery Boutique.
 57161 | Vaults:5 | Reached XP level 26. HP: 217/218 MP: 40/40
 57495 | Vaults:5 | Identified the +2 chain mail of the Endless Expanse {Int+4
                  | Stlth+}
 57542 | Vaults:5 | Identified the +9 plate armour of the Soldier {rC++ rCorr
                  | Str-3 Stlth+}
 58188 | Slime:1  | Entered Level 1 of the Pits of Slime
 59050 | Vaults:5 | Bought the ring "Owuesuw" {rPois rC++ Will+ rCorr MP+9} for
                  | 1642 gold pieces
 59583 | Slime:2  | Gained mutation: You tend to lose your temper in combat. [a
                  | shining eye]
 59805 | Slime:1  | Gained mutation: You have hidden genetic defects. [a
                  | shining eye]
 59833 | Slime:1  | Lost mutation: You tend to lose your temper in combat.
                  | [potion of mutation]
 59833 | Slime:1  | Lost mutation: You have hidden genetic defects. [potion of
                  | mutation]
 59833 | Slime:1  | Gained mutation: You are partially covered in iridescent
                  | scales. (AC +2) [potion of mutation]
 59833 | Slime:1  | Gained mutation: Your mind is acute. (Int +2) [potion of
                  | mutation]
 61713 | Slime:5  | Entered Level 5 of the Pits of Slime
 61832 | Slime:5  | Gained mutation: Your flesh is cold resistant. (rC+) [a
                  | shining eye]
 62094 | Slime:5  | Found a viscous altar of Jiyva.
 62094 | Slime:5  | Noticed the Royal Jelly
 62096 | Slime:5  | Identified a scroll of acquirement
 62520 | Slime:5  | Paralysed by a floating eye for 4 turns
 62816 | Slime:5  | Killed the Royal Jelly
 63254 | Slime:5  | Got the Tome of Sinister Secrets
 63320 | Slime:5  | Identified the +7 chain mail of the Bull {Harm Regen+}
 63323 | Slime:5  | Identified the ring of the Sky {rN+ Will- Str+6}
 63332 | Slime:5  | Identified the amulet "Ytaqust" {-Tele Regen+ Str+8}
 63349 | Slime:5  | Got a slimy rune of Zot
 63355 | Slime:5  | Acquired 990 gold pieces
 63758 | Vaults:1 | Bought 8 arrows for 30 gold pieces
 63758 | Vaults:1 | Identified a +9 longbow of holy wrath (a +9 longbow of
                  | flaming blessed by the Shining One)
 63758 | Vaults:1 | Received a gift from the Shining One
 63867 | Hell     | Entered the Vestibule of Hell
 63867 | Hell     | Noticed Geryon
 63988 | Hell     | Killed Geryon
 64173 | Hell     | Reached XP level 27. HP: 183/228 MP: 40/40
 64481 | Hell     | Found a gateway to the Iron City of Dis.
 64561 | Hell     | Found a gateway to the freezing wastes of Cocytus.
 64720 | Hell     | Found a gateway to the ashen valley of Gehenna.
 64806 | Hell     | Found a gateway to the decaying netherworld of Tartarus.
 65001 | Pan      | Entered Pandemonium
 65014 | Pan      | Noticed Vilino the pandemonium lord
 65024 | Pan      | Killed Vilino the pandemonium lord
 65148 | Pan      | Identified the ring "Wiecan" {rPois rC+ Will+}
 65325 | Pan      | Noticed Ditunu Hoag the pandemonium lord
 65334 | Pan      | Killed Ditunu Hoag the pandemonium lord
 65380 | Pan      | Noticed Laxeing the pandemonium lord
 65387 | Pan      | Killed Laxeing the pandemonium lord
 65523 | Pan      | Found a runed translucent door.
 65526 | Pan      | Found a runed translucent door.
 65528 | Pan      | Found a runed translucent door.
 65531 | Pan      | Noticed Dukk the pandemonium lord
 65585 | Pan      | Found a runed translucent door.
 65606 | Pan      | Killed Dukk the pandemonium lord
 65683 | Pan      | Entered the realm of Cerebov.
 65711 | Pan      | Found the +6 sword of Cerebov {flame}
 65711 | Pan      | Noticed Cerebov
 66046 | Pan      | Identified the +8 tower shield of Codux {Regen+ rCorr
                  | Dex+2}
 66330 | Pan      | Killed Cerebov
 66563 | Pan      | Got Aronto Ruixt's Grimoire of Destiny
 66615 | Pan      | Got a fiery rune of Zot
 66958 | Pan      | Noticed Mennas
 66990 | Pan      | Killed Mennas
 67177 | Pan      | Entered the realm of Gloorx Vloq.
 67194 | Pan      | Noticed Gloorx Vloq
 67199 | Pan      | Found an exit through the horrors of the Abyss.
 67626 | Pan      | Killed Gloorx Vloq
 67742 | Pan      | Got a dark rune of Zot
 67907 | Pan      | Found an exit through the horrors of the Abyss.
 68120 | Pan      | Reached skill level 27 in Fighting
 68488 | Pan      | Noticed Keiror the pandemonium lord
 68508 | Pan      | Killed Keiror the pandemonium lord
 68545 | Pan      | Got a demonic rune of Zot
 68733 | Pan      | Noticed Lojoa the pandemonium lord
 68751 | Pan      | Killed Lojoa the pandemonium lord
 68840 | Pan      | Reached skill level 27 in Dodging
 69021 | Pan      | Found an exit through the horrors of the Abyss.
 69127 | Pan      | Entered the realm of Lom Lobon.
 69185 | Pan      | Found an exit through the horrors of the Abyss.
 69288 | Pan      | Identified the +2 robe of Okawaru's Hope {Dex+2 Stlth+}
 69574 | Pan      | Noticed Lom Lobon
 69590 | Pan      | HP: 12/249 [Lom Lobon/vortex (5)]
 69590 | Pan      | Killed by an exploding ball lightning

Illustrated notes

Levels and vault maps discovered:
D:1:      matt_arrival_los_fun, layout_loops_ring
D:2:      layout_loops_corners, basic_altar,
          hellmonk_ecumenical_altar_slurped_away, uniq_crazy_yiuf_cottage,
          uniq_natasha
D:3:      layout_loops_cross, uniq_ijyb
D:4:      layout_loops_ring, minivault_19
D:5:      layout_rooms, portal_sewer_entry_e, serial_shops,
          nicolae_shop_crystal, uniq_menkaure
D:6:      layout_cave_pools, enter_ossuary_3, abandoned_shop
D:7:      layout_loops_ring, minmay_temple_entry_hall, uniq_prince_ribbit1,
          uniq_joseph
D:8:      layout_rooms, dpeg_oklobed_lair
D:9:      layout_roguey, general_overflow_altar, serial_shops, shop_statue,
          kennysheep_flooded_box, kennysheep_another_room
D:10:     layout_rooms, orc_david_3, chequers_serial_rivers_marsh,
          ebering_dispersal_statue_hall, roderic_roman_lattice
D:11:     layout_loops_ring, serial_shops, shop
D:12:     layout_basic, minmay_crystal_room, kennysheep_donut,
          beargit_elvish_explorers
D:13:     nicolae_cairo_tiling, layout_long_grid, serial_shops, shop,
          nicolae_lakefront_shop, nicolae_shop_window_shopping, shop,
          nicolae_square_shop, nicolae_tso_carved_into_rock, uniq_kirke
D:14:     dreamdust_labyrinth, layout_stronghold, erik_vaults_1
D:15:     grunt_enter_depths_giant_problem, layout_basic,
          palyth_stone_intersect, serial_bayou_pond_e
Temple:   regret_index_temple_sigil_plot
Lair:1:   layout_cave_pods, beast_lair_carwin_5, grunt_megastairs_5, uniq_erica
Lair:2:   layout_cellular_growth, minmay_swamp_entry_swarm, ebering_ghost_xom
Lair:3:   layout_gridlike, guppyfry_snake_entry_island
Lair:4:   layout_concentric_octagons, chequers_serial_rivers_room_a,
          amcnicky_mini_pool_medium
Lair:5:   layout_regular_city, columned_hall_lemuel, serial_bayou_shore_a,
          lemuel_fruit_tree
Lair:6:   hellmonk_lair_end_abyssal_woods, layout_regular_city, slime_altar_1,
          gammafunk_ghost_berserking_beasts, gauntlet_entry_generic
Swamp:1:  nicolae_swamp_decorative_isthmus, layout_basic_swamp,
          evilmike_swamp_ruin_rubble_1, uniq_donald
Swamp:2:  nzn_winding_woodlands_cross [nzn_winding_woodlands_5x15_split_checker,
          nzn_winding_woodlands_5x15_zeroes,
          nzn_winding_woodlands_5x15_concentric,
          nzn_winding_woodlands_5x15_river_crossing,
          nzn_winding_woodlands_15x15_five_gardens], layout_basic_swamp,
          hangedman_swamp_lotus, infiniplex_staircase_pool_2
Swamp:3:  nicolae_swamp_flooded_prison, layout_basic_swamp,
          hangedman_swamp_ruin_wall
Swamp:4:  grunt_swamp_rune_castle, layout_basic_swamp, swamp_pool4
Snake:1:  nicolae_snake_crotalidae_crossing, layout_gridlike,
          gammafunk_ghost_grave, serial_shops, nicolae_shop_statue_plus,
          uniq_agnes
Snake:2:  layout_rooms, special_room, uniq_roxanne
Snake:3:  layout_layer_cave, nicolae_snake_gridmaze_waves, grunt_ministairs_2,
          minmay_shoptagon, uniq_nikola
Snake:4:  johnstein_snake_rune_scales, layout_misc_corridors, uniq_vashnia
Slime:1:  layout_caves
Slime:2:  layout_caves
Slime:3:  layout_caves
Slime:4:  layout_caves
Slime:5
Orc:1:    layout_diamond_mine, serial_shops, nicolae_shop_overgrown_old_shop,
          nicolae_orc_lava_tube, uniq_urug, uniq_josephine
Orc:2:    st_orc_congregation, layout_caves, uniq_snorg, uniq_rupert
Elf:1:    eino_elf_arrival_the_gate, layout_geoelf_grid, serial_shops, shop,
          kennysheep_underground_church
Elf:2:    nicolae_elf_blades_splatter_lattice [nicolae_blade_lattice],
          layout_onion_city, serial_shops, shop, uniq_azrael
Elf:3:    minmay_elf_hall, layout_gridlike
Vaults:1: nicolae_vaults_asterisk, ontoclasm_vaults_bender,
          nicolae_vaults_big_angled_halls,
          vaults_standard_mumra_enter_the_diamond, nicolae_vaults_network_s,
          nicolae_vaults_three_branches, vaults_mumra_hex,
          layout_vaults_omnicross, serial_shops, shop
Vaults:2: dpeg_vaults_pockets_of_resistance, dpeg_vaults_monster_box,
          nicolae_vaults_windows_and_doors_thing, hangedman_vaults_locks,
          nicolae_vaults_angled_halls, nicolae_vaults_network_star,
          vaults_dpeg_encased_lava, nicolae_vaults_circle_grid_a,
          nicolae_vaults_rhombus_5, v_rooms_6, grunt_vaults_hallway_long,
          nicolae_vaults_asterisk, hangedman_vaults_stitches,
          vaults_room_door_ring, nicolae_vaults_shelves_hall, vaults_room_pools,
          vaults_room_pool, vaults_dpeg_hooks, layout_vaults_ring
Vaults:3: nicolae_vaults_network_periphery, ontoclasm_vaults_gateway,
          nicolae_vaults_sealed_display, blue_anna_dwarven_crypt,
          hangedman_vaults_nails, st_spiral_rooms, vaults_dpeg_diagonal,
          v_pattern_1, v_alt_pattern_4, layout_vaults_big_room
Vaults:4: st_octagons_2, nicolae_vaults_big_angled_halls, v_rooms_3,
          vaults_dpeg_cross, v_misc_13, v_alt_pattern_3, v_misc_23,
          nicolae_vaults_big_ls, vaults_mumra_chevron, hangedman_vaults_cutoff,
          ontoclasm_vaults_ring_small, vaults_room_stairs_pillars,
          nicolae_vaults_alarming, layout_vaults_maze_bifur
Vaults:5: uniq_bai_suzhen
Crypt:1:  layout_catacombs, gammafunk_ghost_grave, uniq_margery
Crypt:2:  layout_regular_city, serial_sigils_hangedman_writhe, uniq_sojobo,
          uniq_khufu
Crypt:3:  cryptofortress_bobbens, uniq_saint_roka
Depths:1: layout_basic, hell_entry, grunt_pan_entry_sceptre,
          kiku_gazebo_garden_becter, nzn_wu_jian_council_hall
Depths:2: minmay_quarter_circles, layout_cave_pools, serial_shops, shop,
          gammafunk_ghost_cemetery, pan_entry,
          grunt_dithmenos_smoke_and_mirrors, hell_entry,
          minmay_misc_feat_nine_boxes, grunt_potential
Depths:3: minmay_guarded_unrand_guard, layout_small_grid, enter_ziggurat_e,
          abyss_entry, evilmike_ruin_ashenzari, pf_hell_entry_great_geh,
          rand_demon_pan_entry_3
Depths:4: evilmike_zot_entry_basic, layout_small_grid, hell_entry, serial_shops,
          nicolae_shop_advertising_works [nicolae_subvault_shop_adworks],
          nrook_mini_vaults, grunt_tower_of_power
Hell
Pan:      nicolae_pan_double_arrow, layout_irregular_city, grunt_pan_sceptre,
          layout_onion_city, grunt_pan_in_and_out, layout_basic,
          grunt_pan_sceptre, layout_cellular_growth, pan_blood_fountain_small,
          rand_demon_7, layout_rooms, nicolae_pan_mnolegish_5, cerebov_grunt,
          layout_grid_shapes, nicolae_pan_glass_arcs, layout_gridlike,
          uniq_mennas_pan, nicolae_pan_gloorx_vloqian_4, pan_surprise,
          gammafunk_dig_for_victory, layout_basic, nicolae_pan_gloorx_vloqian_1,
          gloorx_vloq, layout_long_grid, pan_blood_fountain_small,
          reaverb_pan_chaos_star, reaverb_pan_squares, lemuel_hall_of_pain,
          layout_gridlike, evilmike_mini_pan_other_thingy,
          layout_irregular_city, grunt_pan_in_and_out, layout_irregular_city,
          pan_blood_fountain, nicolae_pan_cerebovesque_3,
          nicolae_pan_door_chamber, layout_onion_city, lom_lobon_st,
          layout_grid_shapes, pan_blood_fountain

Skill      XL: |  1  2  3  4  5  6  7  8  9 10 11 12 13 14 15 16 17 18 19 20 21 22 23 24 25 26 27 |
---------------+----------------------------------------------------------------------------------+-----
Fighting       | 1 3 5 6 12 15 18 20 21 27 | 27.0
Polearms       | 5 9 13 16 20 | 20.0
Dodging        | 6 9 15 20 25 27 | 27.0
Bows           | 9 11 14 15 17 19 20 | 20.0
Armour         | 4 9 10 | 10.9
Invocations    | 2 13 15 17 19 20 24 27 | 27.0
Translocations | 8 9 |  9.0
Stealth        | |  2.1
Spellcasting   | |  2.0
Conjurations   | |  0.7
Fire Magic     | |  2.1

Action                   |  1- 3 |  4- 6 |  7- 9 | 10-12 | 13-15 | 16-18 | 19-21 | 22-24 | 25-27 || total
-------------------------+-------+-------+-------+-------+-------+-------+-------+-------+-------++-------
Melee: Unarmed           |    17 |       |       |       |       |       |       |       |       ||    17
       Dagger            |     7 |       |       |       |       |       |       |       |       ||     7
       Short sword       |    85 |   184 |       |       |       |       |       |       |       ||   269
       Punch             |     3 |     3 |     3 |       |       |       |       |       |       ||     9
       Trident           |       |     4 |    76 |       |       |       |       |       |       ||    80
       Tailslap          |       |       |     6 |       |       |       |       |       |     9 ||    15
       Halberd           |       |       |       |    33 |   456 |       |       |       |       ||   489
       Glaive            |       |       |       |       |       |       |       |       |   620 ||   620
 Fire: Shortbow          |       |     3 |   213 |   391 |  1151 |  1071 |       |       |       ||  2829
       Longbow           |       |       |       |       |       |   618 |  1464 |  1884 |  1910 ||  5876
Throw: Dart              |       |       |       |       |     1 |       |       |       |     1 ||     2
       Throwing net      |       |       |       |       |       |       |       |     1 |       ||     1
 Cast: Foxfire           |    11 |       |       |       |       |       |       |       |       ||    11
       Blink             |       |       |       |       |       |       |       |       |     3 ||     3
Invok: Cleansing Flame   |       |       |       |       |       |       |       |    25 |    81 ||   106
       Brand Weapon With |       |       |       |       |       |       |       |       |     1 ||     1
       Summon Divine War |       |       |       |       |       |       |       |       |     5 ||     5
Evoke: Wand              |       |       |       |       |       |     1 |       |     1 |     5 ||     7
  Use: Scroll            |     3 |     6 |     1 |     8 |    18 |    11 |    10 |    14 |    15 ||    86
       Potion            |       |       |     1 |     2 |     1 |     4 |     1 |     1 |     9 ||    19
 Stab: Sleeping          |     4 |       |       |       |       |       |       |       |       ||     4
Armor: Robe              |    22 |       |       |       |       |       |       |       |       ||    22
       Ring mail         |    19 |    28 |       |       |       |       |       |       |       ||    47
       Fire dragon scale |       |    61 |    96 |    15 |       |       |       |       |       ||   172
       Troll leather arm |       |       |       |    29 |   155 |    92 |   125 |   113 |       ||   514
       Pearl dragon scal |       |       |       |       |       |       |       |   115 |   564 ||   679
Dodge: Dodged            |    84 |   110 |    72 |    89 |   792 |   452 |   489 |   807 |  1567 ||  4462
